 Dungeon Crawl Stone Soup version 0.22-a0-601-gb0ed703 (webtiles) character file.

50 raistware the Conjurer (level 3, 0/24 HPs)
             Began as a Mummy Conjurer on July 6, 2018.
             Slain by a jackal (2 damage)
             ... on level 3 of the Dungeon.
             The game lasted 00:06:14 (2034 turns).

raistware the Conjurer (Mummy Conjurer)             Turns: 2034, Time: 00:06:15

Health: 0/24       AC:  2    Str: 11    XL:     3   Next: 55%
Magic:  6/7        EV: 11    Int: 15    God:
Gold:   83         SH:  3    Dex: 12    Spells: 7/8 levels left

rFire    . . .     SeeInvis .   g - +0 spear
rCold    + . .     Gourm    .   i - +0 buckler
rNeg     + + +     Faith    .   a - +0 robe
rPois    ∞         Spirit   .   (no helmet)
rElec    .         Reflect  .   (no cloak)
rCorr    .         Harm     .   (no gloves)
MR       .....                  (no boots)
Stlth    ++........             e - amulet of inaccuracy (curse)
HPRegen  0.08/turn              b - ring of protection from fire
MPRegen  0.10/turn              (no ring)

@: very slightly contaminated
A: no food or potions, fire vulnerability, cold resistance 1, negative energy
resistance 3, torment resistance, unbreathing
a: no special abilities


You were on level 3 of the Dungeon.
You were not hungry.

You visited 1 branch of the dungeon, and saw 3 of its levels.

You collected 83 gold pieces.

Inventory:

Hand Weapons
 f - a +0 whip
 g - a +0 spear (weapon)
Missiles
 k - 2 javelins (quivered)
Armour
 a - a +0 robe (worn)
 i - a +0 buckler (worn)
Jewellery
 b - a ring of protection from fire (left hand)
 e - a cursed amulet of inaccuracy (around neck)
Scrolls
 d - a scroll of fog
 m - a scroll of enchant armour


   Skills:
 + Level 1.8 Dodging
 + Level 1.9 Stealth
 + Level 0.5 Shields
 + Level 3.3 Spellcasting
 * Level 3.8 Conjurations


You had 7 spell levels left.
You knew the following spells:

 Your Spells              Type           Power        Failure   Level  Hunger
a - Magic Dart            Conj           ##..         6%          1    N/A

Your spell library contained the following spells:

 Spells                   Type           Power        Failure   Level  Hunger
 Iskenderun's Mystic Bla  Conj           ##......     52%         4    N/A
 Fulminant Prism          Conj/Hex       #.........   80%         4    N/A
 Dazzling Spray           Conj/Hex       #.....       38%         3    N/A
 Force Lance              Conj/Tloc      #.......     80%         4    N/A
 Searing Ray              Conj           ##....       10%         2    N/A

Dungeon Overview and Level Annotations

Branches:
Dungeon (3/15)

Altars:
Ashenzari


Innate Abilities, Weirdness & Mutations

You do not eat or drink.
Your flesh is vulnerable to fire.
You are immune to poison.
Your flesh is cold resistant. (rC+)
You are immune to negative energy. (rN+++)
You are immune to unholy pain and torment.
You can survive without breathing.


Message History

The jackal closely misses you.
Throwing (i - inventory)
k - 3 javelins (quivered)
Press: ? - help, Shift-Dir - straight line, f/p - jackal
Aim: a jackal You throw a javelin.
The javelin closely misses the jackal.
The javelin barely misses the adder.
The javelin closely misses the jackal.
You hear the slow rusting of a drain nearby.
The jackal bites you but does no damage.
The jackal bites you.
* * * LOW HITPOINT WARNING * * *
Sorry, you're not good enough to have a special ability.
Casting: Magic Dart (safe; 6% risk of failure)
Confirm with . or Enter, or press ? or * to list all spells.
Aiming: Magic Dart (safe; 6% risk of failure)
Press: ? - help, Shift-Dir - straight line, f/p - jackal
Aim: a jackal The magic dart hits the jackal.
The jackal is heavily wounded.
The jackal bites you.
You die...

#≈≈ ##. .... ... #
.....##.#################.?###
#.........h...h..K....h...#
#.####.#######.#h#####g##.#.#
#........# #.#.# #.#
######h#.# #.#.# #S# #.#.#
#.#.# #K# #S#.# #@#.# #h# .#
#h#.# #h#.#####.##.?.# #.#.#
###S#.....gg.....#
#.#.###..h........##.....
#.....h...######### ....
###......(# ### #########


You could see an adder and 2 jackals.

Vanquished Creatures
  2 adders (D:2)
  An ooze (D:2)
  2 dart slugs (D:1)
  A leopard gecko (D:1)
  4 goblins
  3 hobgoblins
  2 bats (D:1)
  2 frilled lizards
  4 kobolds
  4 rats
25 creatures vanquished.

Notes
Turn   | Place    | Note
-------+----------+-------------------------------------------
     0 | D:1      | raistware the Mummy Conjurer began the quest for the Orb.
     0 | D:1      | Reached XP level 1. HP: 13/13 MP: 4/4
   582 | D:1      | Reached XP level 2. HP: 19/19 MP: 0/6
  1125 | D:2      | Found a faded altar of an unknown god.
  1169 | D:2      | Found a shattered altar of Ashenzari.
  1411 | D:2      | Reached XP level 3. HP: 24/24 MP: 4/7
  2034 | D:3      | Slain by a jackal

Vault maps used:
D:1:      minmay_arrival_arboretum_small
D:2:      lemuel_doored_altar, chequers_ecumenical_altar_simple_redux
D:3:      cheibrodos_sewer_entry_sluice

Skill      XL: |  1 |
---------------+----+-----
Spellcasting   | 3 |  3.3
Dodging        | |  1.8
Stealth        | |  1.9
Shields        | |  0.5
Conjurations   | |  3.8

Action                   || total
-------------------------++-------
Melee: Spear             ||    22
Throw: Javelin           ||     2
 Cast: Magic Dart        ||    61
  Use: Scroll            ||     8
 Stab: Sleeping          ||     4
Armor: Robe              ||     5
Dodge: Dodged            ||    23
Block: Buckler           ||     1

Table legend:
 A = Spawn XP
 B = Non-spawn XP
 C = Spawn XP percentage of total XP
 D = Spawn monster count
 E = Non-spawn monster count
 F = Spawn count percentage of total count
 G = Total turns spent on level
                    A         B        C        D         E        F      G
               +---------+---------+-------+---------+---------+-------+---------
         Total |       0 |      72 |   0.0 |       0 |      25 |   0.0 |  2034
               +---------+---------+-------+---------+---------+-------+---------
           D:1 |       0 |      27 |   0.0 |       0 |      13 |   0.0 |  1109
           D:2 |       0 |      44 |   0.0 |       0 |      11 |   0.0 |   875
           D:3 |       0 |       1 |   0.0 |       0 |       1 |   0.0 |    50
               +---------+---------+-------+---------+---------+-------+---------
